 Dungeon Crawl Stone Soup version 0.19.3-4-gbf9329e (webtiles) character file.

259 protoss039 the Chopper (level 5, -9/47 HPs)
             Began as a Minotaur Fighter on Jan 29, 2017.
             Mangled by Paps's ghost (11 damage)
             ... on level 3 of the Dungeon.
             The game lasted 00:05:05 (1907 turns).

protoss039 the Chopper (Minotaur Fighter)           Turns: 1907, Time: 00:05:06

Health: -9/47      AC:  8    Str: 22    XL:     5   Next: 95%
Magic:  4/4        EV:  7    Int:  5    God:
Gold:   177        SH:  9    Dex:  9    Spells: 0 memorised, 4 levels left

rFire  . . .     SeeInvis .     a - +0 war axe
rCold  . . .     Gourm    .     b - +0 scale mail
rNeg   . . .     Faith    .     c - +0 shield
rPois  .         Spirit   .     (helmet restricted)
rElec  .         Reflect  .     (no cloak)
rCorr  .         Harm     .     (no gloves)
MR     .....                    i - +0 pair of boots
Stlth  ..........               (no amulet)
                                (no ring)
                                (no ring)

@: no status effects
A: retaliatory headbutt, horns 2
a: no special abilities


You were on level 3 of the Dungeon.
You were not hungry.

You visited 1 branch of the dungeon, and saw 3 of its levels.

You collected 177 gold pieces.

Inventory:

Hand Weapons
 a - a +0 war axe (weapon)
 u - a cursed -1 trident
Armour
 b - a +0 scale mail (worn)
 c - a +0 shield (worn)
 i - a +0 pair of boots (worn)
Wands
 d - a wand of random effects (33/48)
Scrolls
 e - 2 scrolls of teleportation {unknown}
 h - a scroll of fear {unknown}
 k - 4 scrolls of identify {unknown}
 n - 2 scrolls of remove curse {unknown}
Potions
 j - a potion of curing {unknown}
 l - a potion of heal wounds {unknown}
 m - a potion of degeneration {unknown}
 o - 2 potions of agility {unknown}
 p - a potion of cure mutation
 t - a potion of haste {unknown}
Comestibles
 f - 3 bread rations
 g - 2 chunks of flesh
 q - a royal jelly
 r - 3 fruits
 s - a meat ration
 v - a slice of pizza


   Skills:
 * Level 4.9 Fighting
 + Level 5.0 Axes
 + Level 4.9 Armour
 + Level 4.7 Shields


You had 4 spell levels left.
You didn't know any spells.

Dungeon Overview and Level Annotations

Branches:
Dungeon (3/15)

Altars:

Annotations:
D:3 Natasha; Paps's ghost, amateur HOFi


Innate Abilities, Weirdness & Mutations

You reflexively headbutt those who attack you in melee.
You have a pair of horns on your head.


Message History

Paps's ghost is moderately damaged.
Paps's ghost hits you.
* * * LOW HITPOINT WARNING * * *
x2 Natasha, Servant of Life and Death comes into view.
Natasha hisses angrily.
Okay, then.
Okay, then.
Okay, then.
It was a potion of cure mutation.
It has a very clean taste.
You block Paps's ghost's attack.
You closely miss Natasha. You hit Paps's ghost but do no damage.
Natasha howls an incantation.
Natasha shimmers violently.
Natasha mumbles some strange words.
Paps's ghost hits you!
* * * LOW HITPOINT WARNING * * *
x2 You closely miss Natasha.
You hit Paps's ghost but do no damage. You block Natasha's attack.
You block Paps's ghost's attack. Natasha barely misses you.
Paps's ghost hits you!
You die...

#########.
#...##.##>##### #
######.##.....#
>#######)#......#
................#
..#####..#......#
#.(..##.....#
#.#5###.#.###
#.#h# #.#.# ####
# #@# #.#.# ≈≈≈#
# #W# #.#.# ..≈#
#.#.# #.#.# ..≈#
#.# ##.#.# #.#.##
..≈# #.#
#....###.#..#
..≈# #.#
#..#.....##.#
..≈# #.#
#.##.######.#
≈..+ #.# #.##.#
#.# ..≈#
#.###.##.# #.#


You could see Natasha, Paps's ghost and a crimson imp.

Vanquished Creatures
  An orc priest (D:3)
  Natasha (twice) (D:3)
  A worker ant (D:3)
  Robin (D:3)
  7 adders
  2 worms (D:3)
  2 dart slugs
  4 orcs (D:3)
  8 bats
  5 giant cockroaches
  12 goblins
  12 hobgoblins
  2 frilled lizards
  7 kobolds
  10 rats
76 creatures vanquished.

Vanquished Creatures (others)
  An orc wizard (D:3)
1 creature vanquished.

Grand Total: 77 creatures vanquished

Notes
Turn   | Place    | Note
-------+----------+-------------------------------------------
     0 | D:1      | protoss039 the Minotaur Fighter began the quest for the Orb.
     0 | D:1      | Reached XP level 1. HP: 19/19 MP: 0/0
   144 | D:1      | Reached XP level 2. HP: 25/27 MP: 1/1
   733 | D:2      | Reached skill level 3 in Axes
   735 | D:2      | Reached XP level 3. HP: 31/33 MP: 2/2
  1244 | D:3      | Reached XP level 4. HP: 40/40 MP: 3/3
  1301 | D:3      | Reached skill level 4 in Axes
  1360 | D:3      | Noticed Robin
  1376 | D:3      | Reached XP level 5. HP: 39/47 MP: 4/4
  1378 | D:3      | Killed Robin
  1595 | D:3      | Noticed Natasha
  1604 | D:3      | Killed Natasha
  1830 | D:3      | Noticed Natasha
  1837 | D:3      | Killed Natasha
  1837 | D:3      | Reached skill level 5 in Axes
  1884 | D:3      | Noticed Paps's ghost (amateur HOFi)
  1903 | D:3      | Noticed Natasha
  1906 | D:3      | HP: 2/47 [Paps's ghost (2)]
  1907 | D:3      | Mangled by Paps's ghost

Skill      XL: |  1  2  3  4  5 |
---------------+----------------+-----
Fighting       | 4 |  4.9
Axes           | 3 4 5 |  5.0
Shields        | 4 |  4.7
Armour         | 4 |  4.9

Action                   |  1- 3 |  4- 6 || total
-------------------------+-------+-------++-------
Melee: War axe           |    91 |    98 ||   189
       Headbutt          |     9 |    15 ||    24
  Use: Potion            |       |     2 ||     2
  Eat: Chunk             |     1 |     3 ||     4
Armor: Scale mail        |    55 |    47 ||   102
Dodge: Dodged            |    34 |    18 ||    52
Block: Shield            |    50 |    50 ||   100
